 Dungeon Crawl Stone Soup version 0.32-a0-999-gfa1cc04b1d (webtiles) character file.

Game seed: 10967819611783640872

2638870 bananaken the Thanatomancer (level 27, 125/157 HPs)
             Began as a Felid Summoner on Apr 22, 2024.
             Was the Champion of Jiyva.
             Escaped with the Orb
             ... and 4 runes on Apr 24, 2024!
             The game lasted 06:02:53 (57778 turns).

bananaken the Thanatomancer (Felid Summoner)       Turns: 57778, Time: 06:02:53

Health: 125/157    AC: 30    Str: 15    XL:     27
Magic:  56/56      EV: 25    Int: 42    God:    Jiyva [******]
Gold:   2199       SH:  4    Dex: 16    Spells: 5/65 levels left
                                        Lives:  2   Deaths: 6

rFire   + +          +
                       - Unarmed
rCold   + + .        (shield unavailable)
rNeg    + . .        (body armour unavailable)
rPois   ∞            (helmet unavailable)
rElec   +            (cloak unavailable)
rCorr   +            (gloves unavailable)
SInv    +            (boots unavailable)
Will    ++++.        V - amulet of regeneration
Stlth   ++           K - ring of Goenkim {rF+ MP+9 Str+7 Slay+2}
HPRegen 2.86/turn    r - +6 ring of intelligence
MPRegen 1.15/turn

%: no passive effects
@: statue-form, very slow
A: slow and powerful, torment resistance 1, boosted hp, very small, claws 1,
fangs 3, see invisible, (shaggy fur 3), stealthy paws, no weapons or thrown
items, no armour, multi-lived, horns 2, large bone plates 1, clever 2, cold
resistance 2, fire resistance 3, frail 1, sense surroundings 1, strong 1,
eyeballs 1, (gelatinous body 1), translucent skin 1, jelly sensing items
0: Orb of Zot
}: 4/15 runes: decaying, slimy, silver, gossamer
a: Begin Untransformation, Renounce Religion, Oozemancy, Slimify


You escaped.
You worshipped Jiyva.
Jiyva was exalted by your worship.
You were a living statue of rough stone.
You visited 12 branches of the dungeon, and saw 56 of its levels.
You visited 2 bazaars.
You also visited: Bailey, Ice Cave and Wizlab.

You collected 5433 gold pieces.
You spent 3234 gold pieces at shops.

Inventory:

Jewellery
 d - a ring of protection from cold
 f - the ring of Viuh {rPois EV+5 Str+3 Stlth-}
   (You found it on level 5 of the Pits of Slime)

   [ring of evasion]

   EV+5:      It affects your evasion (+5).
   Str+3:     It affects your strength (+3).
   rPois:     It protects you from poison.
   Stlth-:    It makes you less stealthy.
 i - a ring of protection from fire
 n - the amulet "Romeock" {rPois RegenMP+ SInv Stlth-}
   (You found it on level 2 of the Depths)

   [amulet of magic regeneration]

   It increases your rate of magic regeneration.
   rPois:     It protects you from poison.
   SInv:      It lets you see invisible.
   Stlth-:    It makes you less stealthy.
   RegenMP+:  It increases your rate of magic regeneration.
 q - the ring of Jakhi {rC+ Will+ Str+3 Slay+3}
   (You found it on level 5 of the Vaults)

   [ring of willpower]

   Str+3:     It affects your strength (+3).
   Slay+3:    It affects your accuracy & damage with ranged weapons and melee
   (+3).
   rC+:       It protects you from cold.
   Will+:     It increases your willpower.
 r - a +6 ring of intelligence (right paw)
 A - the ring of Foblonem {Will+ SInv}
   (You took it off a hell knight on level 2 of the Depths)

   [ring of see invisible]

   Will+:     It increases your willpower.
   SInv:      It lets you see invisible.
 B - the ring of Starshine {Ice rN+ rCorr Str+3 Int-5}
   (You took it off Josephina on level 2 of the Crypt)

   [ring of ice]

   Ice:       It enhances your ice magic.
   Str+3:     It affects your strength (+3).
   Int-5:     It affects your intelligence (-5).
   rF-:       It makes you vulnerable to fire.
   rC+:       It protects you from cold.
   rN+:       It protects you from negative energy.
   rCorr:     It protects you from acid and corrosion.
 E - the ring "Quchom" {Ice rElec}
   (You found it in an ice cave)

   [ring of ice]

   Ice:       It enhances your ice magic.
   rF-:       It makes you vulnerable to fire.
   rC+:       It protects you from cold.
   rElec:     It insulates you from electricity.
 K - the ring of Goenkim (left paw) {rF+ MP+9 Str+7 Slay+2}
   (You took it off a deep elf archer on level 5 of the Vaults)

   [ring of protection from fire]

   Str+7:     It affects your strength (+7).
   Slay+2:    It affects your accuracy & damage with ranged weapons and melee
   (+2).
   rF+:       It protects you from fire.
   MP+9:      It affects your magic capacity (+9).
 M - the ring "Cituss" {rPois MP-9 Int+6 SInv}
   (You found it on level 1 of the Realm of Zot)

   [ring of poison resistance]

   Int+6:     It affects your intelligence (+6).
   rPois:     It protects you from poison.
   MP-9:      It affects your magic capacity (-9).
   SInv:      It lets you see invisible.
 V - an amulet of regeneration (around neck)
 X - a ring of wizardry
 Y - the amulet "Asimem" {Reflect Will+ SH+5}
   (You found it on level 2 of the Depths)

   [amulet of reflection]

   Reflect:   It reflects blocked missile attacks.
   Will+:     It increases your willpower.
   SH+5:      It affects your SH (+5).
 Z - a +6 ring of intelligence
Talismans
 I - a granite talisman (active)
Wands
 j - a wand of roots (21)
 u - a wand of charming (27)
 w - a wand of light (6)
 x - a wand of polymorph (16)
 Q - a wand of digging (1)
Scrolls
 b - 7 scrolls of blinking
 e - 14 scrolls of teleportation
 l - 3 scrolls of vulnerability
 s - 10 scrolls of poison
 y - a scroll of immolation
 z - 3 scrolls of silence
 C - 2 scrolls of butterflies
 G - 2 scrolls of revelation
 H - 4 scrolls of fear
 L - 4 scrolls of torment
 O - 7 scrolls of fog
 T - a scroll of amnesia
Potions
 a - 2 potions of magic
 c - 5 potions of haste
 g - 4 potions of mutation
 h - 4 potions of lignification
 k - 6 potions of brilliance
 o - 2 potions of cancellation
 p - 18 potions of curing
 t - 3 potions of resistance
 v - 10 potions of might
 D - 6 potions of attraction
 P - 16 potions of heal wounds
 U - 5 potions of enlightenment
 W - 4 potions of ambrosia
Miscellaneous
 F - a condenser vane
 J - a phantom mirror
 N - a Gell's gravitambourine (2/2) (quivered)
 R - a lightning rod (4/4)
 S - a sack of spiders


   Skills:
 - Level 11.4 Fighting
 - Level 14.1 Dodging
 - Level 9.2 Stealth
 - Level 6.9 Unarmed Combat
 - Level 19.5 Spellcasting
 - Level 8.0 Hexes
 - Level 15.7 Summonings
 + Level 26.4 Necromancy
 - Level 14.6 Translocations
 - Level 5.0 Fire Magic
 - Level 18.0 Air Magic
 - Level 6.0 Earth Magic
 - Level 5.0 Evocations
 - Level 18.7 Shapeshifting


You had 5 spell levels left.
You knew the following spells:

 Your Spells              Type           Power      Damage    Failure   Level
a - Borgnjor's Vile Clut  Necr/Erth      54%        N/A       1%          5
b - Infestation           Necr           66%        N/A       1%          8
c - Dispel Undead         Necr           100%       3d31      0%          4
d - Death's Door          Necr           66%        N/A       1%          9
e - Malign Gateway        Summ/Tloc      53%        N/A       1%          7
f - Anguish               Hex/Necr       55%        N/A       0%          4
g - Death Channel         Necr           66%        N/A       0%          6
h - Haunt                 Necr/Summ      60%        N/A       1%          7
i - Blink                 Tloc           100%       N/A       0%          2
j - Maxwell's Capacitive  Air            56%        ∞         2%          8

Your spell library contained the following spells:

 Spells                   Type           Power      Damage    Failure   Level
 Apportation              Tloc           100%       N/A       0%          1
 Kiss of Death            Conj/Necr      100%       2d13      0%          1
 Necrotise                Necr           100%       1d9       0%          1
 Summon Small Mammal      Summ           100%       N/A       0%          1
 Call Imp                 Summ           100%       N/A       0%          2
 Cigotuvi's Dreadful Rot  Necr/Alch/Air  100%       N/A       0%          2
 Lesser Beckoning         Tloc           100%       N/A       0%          2
 Call Canine Familiar     Summ           100%       N/A       0%          3
 Fugue of the Fallen      Necr           100%       N/A       0%          3
 Maxwell's Portable Pile  Tloc           100%       2d(15-43) 0%          3
 Swiftness                Air            100%       N/A       0%          3
 Teleport Other           Tloc           100%       N/A       0%          3
 Vampiric Draining        Necr           100%       2d13      0%          3
 Airstrike                Air            56%        2d(9-25)  0%          4
 Animate Dead             Necr           100%       N/A       0%          4
 Passage of Golubria      Tloc           100%       N/A       0%          4
 Summon Lightning Spire   Summ/Air       100%       N/A       0%          4
 Vhi's Electric Charge    Tloc/Air       100%       N/A       0%          4
 Curse of Agony           Necr           100%       N/A       0%          5
 Foxfire                  Conj/Fire      100%       2x1d9     1%          1
 Freeze                   Ice            100%       1d10      1%          1
 Magic Dart               Conj           100%       1d8       1%          1
 Sandblast                Erth           100%       2d20      1%          1
 Sting                    Conj/Alch      100%       1d9       1%          1
 Ensorcelled Hibernation  Hex/Ice        100%       N/A       1%          2
 Momentum Strike          Conj/Tloc      100%       3d10      1%          2
 Searing Ray              Conj           80%        2d7       1%          2
 Static Discharge         Conj/Air       100%       3-8/arc   1%          2
 Confusing Touch          Hex            83%        N/A       1%          3
 Frozen Ramparts          Ice            80%        1d13      1%          3
 Hailstorm                Conj/Ice       40%        3d9       1%          3
 Inner Flame              Hex/Fire       77%        N/A       1%          3
 Ozocubu's Armour         Ice            40%        N/A       1%          3
 Passwall                 Erth           74%        N/A       1%          3
 Sigil of Binding         Hex            83%        N/A       1%          3
 Stone Arrow              Conj/Erth      100%       3d13      1%          3
 Volatile Blastmotes      Fire/Tloc      100%       2d18      1%          3
 Brom's Barrelling Bould  Conj/Erth      60%        2d8       1%          4
 Flame Wave               Conj/Fire      58%        2d14      1%          4
 Ignite Poison            Fire/Alch      58%        N/A       1%          4
 Leda's Liquefaction      Alch/Erth      30%        N/A       1%          4
 Petrify                  Alch/Erth      60%        N/A       1%          4
 Sticky Flame             Fire/Alch      58%        2d10      1%          4
 Summon Blazeheart Golem  Fire/Summ      91%        N/A       1%          4
 Arcjolt                  Conj/Air       43%        1d53      1%          5
 Freezing Cloud           Conj/Ice/Air   37%        6-21      1%          5
 Lee's Rapid Deconstruct  Erth           37%        3d18*     1%          5
 Silence                  Hex/Air        50%        N/A       1%          5
 Summon Mana Viper        Hex/Summ       96%        N/A       1%          5
 Metabolic Englaciation   Hex/Ice        32%        N/A       3%          5
 Yara's Violent Unravell  Hex/Alch       32%        3d13      3%          5
 Fulminant Prism          Conj/Alch      20%        3d12      6%          4
 Olgreb's Toxic Radiance  Alch           40%        N/A       6%          4
 Fireball                 Conj/Fire      29%        3d13      6%          5
 Irradiate                Conj/Alch      20%        3d18      16%         5
 Iskenderun's Battlesphe  Conj           40%        2d9       16%         5
 Dispersal                Tloc           52%        N/A       1%          6
 Gell's Gavotte           Tloc           52%        2d(34-51) 1%          6
 Plasma Beam              Fire/Air       47%        2x1d62    1%          6
 Summon Cactus Giant      Summ           54%        N/A       1%          6
 Manifold Assault         Tloc           52%        N/A       1%          7
 Summon Hydra             Summ           54%        N/A       1%          7
 Borgnjor's Revivificati  Necr           66%        N/A       1%          8
 Conjure Ball Lightning   Conj/Air       43%        3x3d15    2%          6
 Rimeblight               Ice/Necr       50%        2d9       (prima2%    7
 Magnavolt                Erth/Air       48%        3d21      3%          7
 Disjunction              Tloc           52%        N/A       10%         8
 Bombard                  Conj/Erth      30%        9d5       26%         6
 Starburst                Conj/Fire      29%        6d9       32%         6
 Eringya's Noxious Bog    Alch           20%        4d6       65%         6
 Seismic Cannonade        Alch/Erth      30%        6d11      82%         7
 Discord                  Hex            41%        N/A       82%         8
 Orb of Destruction       Conj           20%        9d8       99%         7
 Ozocubu's Refrigeration  Ice            20%        4d11      99%         7
 Ignition                 Fire           35%        3d11      99%         8
 Lehudib's Crystal Spear  Conj/Erth      30%        10d8      100%        8
 Sublimation of Blood     Necr           Unusable   N/A       N/A         2
 Animate Armour           Summ/Erth      Unusable   N/A       N/A         4
 Dimensional Bullseye     Hex/Tloc       Unusable   N/A       N/A         4

Dungeon Overview and Level Annotations

Branches:
Dungeon (15/15)            Temple (1/1) D:5            Lair (5/5) D:10
  Swamp (4/4) Lair:2       Spider (4/4) Lair:2        Slime (5/5) Lair:5
    Orc (2/2) D:12            Elf (3/3) Orc:2        Vaults (5/5) D:14
  Crypt (3/3) Vaults:2       Tomb (0/3) Crypt:3      Depths (4/4) D:15
    Zot (5/5) Depths:4     Bailey (visited)           IceCv (visited)
 WizLab (visited)

Altars:
Ashenzari
Cheibriados
Dithmenos
Elyvilon
Fedhas
Gozag
Hepliaklqana
Kikubaaqudgha
Makhleb
Nemelex Xobeh
Okawaru
Qazlal
Ru
Sif Muna
Trog
Uskayaw
Vehumet
Wu Jian
Xom
Yredelemnul
Zin
The Shining One
Jiyva

Shops:
D:8 *   D:11 *   D:12 ?   D:13 [   D:14 (   Orc:2 ***(   Elf:2 **   Vaults:1 [
Vaults:2 *[*!=

Portals:
Hell: Depths:1 Depths:2 Depths:3 Depths:4
Abyss: D:3 Depths:1 Depths:3 Depths:4
Pandemonium: Depths:1 Depths:2
Ziggurat: Depths:1

Annotations:
D:3 2 transporters, hellokittymahmut's ghost, amateur DECj
D:9 1 runed translucent door
Slime:5 Royal Jelly
Elf:2 5 runed translucent doors
Vaults:1 2 runed translucent doors, AutarchDCSS's ghost, adept NaCj
Zot:4 6 transporters, 1 runed translucent door, Qaniympis's ghost, veteran DgEE
Zot:5 1 exclusion


Innate Abilities, Weirdness & Mutations

You are a living statue of rough stone.
Your actions are slow, but your melee attacks are powerful.
You are resistant to unholy torment.
Your maximum health is greatly increased.
You are immune to poison.
You have sharp claws.
You have razor-sharp teeth.
You have supernaturally acute eyesight. (SInv)
((Your thick and shaggy fur keeps you warm. (AC +3, rC+)))
Your paws help you pounce on unaware monsters.
You are incapable of wielding weapons or throwing items.
You cannot wear armour.
You gain extra lives every three experience levels.
You have a pair of horns on your head.
You are partially covered in large bone plates. (SH +4)
Your mind is very acute. (Int +8, Str/Dex -2)
Your flesh is very cold resistant. (rC++)
Your flesh is almost immune to the effects of heat. (rF+++)
You are frail. (-10% HP)
You passively map a small area around you.
Your muscles are strong. (Str +4, Int/Dex -1)
Your body has grown eyes which may confuse attackers. (Acc +3)
((Your rubbery body absorbs attacks. (AC +1, EV +1)))
Your translucent skin slightly reduces your foes' accuracy. (Stealth+)
You have a small jelly attached to you that senses nearby items.


Message History

The Orb Guardian seems to be corroded for longer.
Your rockslime hits the Orb Guardian.
The Orb Guardian holds its ground!
Your azure jelly hits the Orb Guardian.
Your azure jelly freezes the Orb Guardian!!
The Orb Guardian dies!
The insufficient charge dissipates harmlessly.
There is a stone staircase leading up here.
You start resting.
Your time is quickly running out!
You start resting.
Your acid blob dissolves into a puddle of slime!
Your life is in your own paws again!
Your azure jelly dissolves into a puddle of slime!
You start resting.
You step away from death's doorway.
You start resting.
Your rockslime dissolves into a puddle of slime!
A demonspawn black sun comes into view. It is wielding a +0 great sword.
You climb upwards.
Level annotation: 2 transporters, hellokittymahmut's ghost, amateur DECj
There is a stone staircase leading down here.
There is a stone staircase leading up here.
You start resting.
HP restored.
You climb upwards.
There is a stone staircase leading down here.
You see here a rat skeleton.
What level of the Dungeon? (default 1, ? - help)
You see here a rat skeleton.
There is a stone staircase leading up here.
You climb upwards.
There is a stone staircase leading down here.
You hear a distant slurping noise.
There is an open door here.
There is a staircase leading out of the dungeon here.
Okay, then.
You begin transforming.
You continue transforming. x3
You turn into a living statue of rough stone.
You can't go down here!
You have escaped!

#........'.........##≈≈§#'..###..
#........####......#.....#.## ###
#........# #......≈.....≈.#####.
.####....# #......≈§.⌠..≈.....+.
.# #....####....3.#.....#..####.
.# #......####≈≈≈###≈≈§###.# #.
.#######...#.#.....#......#.# #.
......##...#.≈..⌠..≈..)...#.####.
......##...#.≈..I..≈......#.#....
......##...#.#.....#....§.#.#....
#.......####.'#≈≈≈##........#....
..##....####.......######...#....
..''.)..'..........>.....)#.####.
..##....#####.......####.........
........#...#.......# #.........
............#.......####.........
######'##...#....................


You could see a sun demon.

Vanquished Creatures
  Frederick (Depths:3)
  A dread lich (Crypt:3)
  3 orbs of fire
  4 ancient liches (Zot:5)
  Josephina (Crypt:2)
  Boris (Crypt:2)
  A Killer Klown (Zot:5)
  A curse toe (Zot:4)
  4 golden dragons
  A bone dragon (Depths:4)
  An electric golem (Zot:3)
  A Hell Sentinel (Depths:4)
  2 tentacled monstrosities
  5 liches
  A deep elf blademaster (Elf:3)
  12 Orb Guardians
  A quicksilver dragon (Zot:4)
  3 ancient champions (Crypt:3)
  3 sphinxes (Depths:1)
  2 acid blobs (Slime:1)
  3 storm dragons
  A death cob (Zot:2)
  10 shadow dragons
  A protean progenitor (Zot:2)
  A daeva (D:13)
  6 fire giants
  2 revenants
  Roxanne (D:14)
  An azure jelly (Slime:1)
  4 draconian knights
  An emperor scorpion (Spider:4)
  2 vault wardens
  A draconian monk (Zot:3)
  2 frost giants
  A draconian shifter (Zot:3)
  A draconian scorcher (Zot:3)
  5 ghost moths
  2 curse skulls
  4 ironbound preservers
  A ghost moth (shapeshifter) (IceCv)
  2 ghouls
  A caustic shrike skeleton (Crypt:3)
  A draconian annihilator (Zot:1)
  2 draconian stormcallers
  An ironbound thunderhulk (Vaults:3)
  2 reapers
  A very ugly thing (Vaults:5)
  5 stone giants
  A juggernaut skeleton (Crypt:1)
  A quicksilver ooze (Slime:1)
  4 green draconians
  3 deep elf death magi
  2 black draconians
  5 vampire knights
  4 red draconians
  A deep elf annihilator (Elf:3)
  4 white draconians
  2 spark wasps
  3 purple draconians
  3 ettins
  A blizzard demon (D:9)
  A merfolk javelineer (Depths:1)
  3 fire dragons (Depths:1)
  An eidolon (Crypt:3)
  An entropy weaver (Vaults:3)
  A crystal guardian (Depths:2)
  A deep elf high priest (Vaults:5)
  4 jiangshi
  A vault guard (D:14)
  Harold (Orc:1)
  5 ice dragons
  6 hydras
  An ogre mage (Vaults:5)
  A rakshasa (Depths:1)
  Fannar (Orc:1)
  3 spriggan skeletons (Crypt:3)
  2 dancing weapons (Elf:2)
  An ironbound frostheart (IceCv)
  2 tengu warriors
  6 vampire magi
  9 death yaks
  3 deep troll shamans
  A deep troll earth mage (Depths:2)
  A demonic crawler (Depths:3)
  A spriggan berserker (Depths:2)
  3 hell knights
  An occultist (Depths:1)
  A sun demon (D:14)
  A deep elf knight (Elf:3)
  An iron troll (Depths:2)
  13 skeletal warriors (Crypt:3)
  A soul eater (Depths:1)
  2 sixfirhies
  A shadow wraith (Crypt:2)
  5 deep trolls
  2 deep elf archers (Elf:3)
  3 bog bodies
  2 spriggan druids (Swamp:2)
  A golden dragon skeleton (Crypt:1)
  6 orc knights
  A necromancer (Depths:2)
  An ironbound convoker (Vaults:2)
  A goliath frog zombie (Crypt:2)
  4 phantasmal warriors
  4 deep elf zephyrmancers
  A manticore (D:11)
  A sphinx simulacrum (Depths:1)
  3 deep elf pyromancers
  5 ugly things
  A goliath frog skeleton (Crypt:3)
  2 meliai
  12 moths of wrath
  2 cyclopes (D:9)
  A stone giant skeleton (Crypt:3)
  2 black mambas
  An ice statue (IceCv)
  An eye of devastation (Slime:5)
  A gargoyle (D:12)
  2 orange demons
  3 cane toads
  A hellion (Depths:1)
  6 tengu conjurers
  A dire elephant skeleton (Crypt:3)
  3 komodo dragons
  A kobold demonologist (D:14)
  A freezing wraith (Crypt:1)
  A yaktaur (Vaults:4)
  2 guardian mummies (Crypt:2)
  An anaconda simulacrum (Crypt:2)
  13 polar bears
  A bloated husk (Swamp:1)
  A harpy zombie (WizLab)
  6 trolls
  3 hornets
  2 tyrant leeches
  2 tarantellas
  A death drake skeleton (Crypt:1)
  2 harpy skeletons (Crypt:3)
  2 dream sheep (Lair:5)
  A blink frog (Lair:4)
  Grinder (D:3)
  3 slime creatures
  2 ettin skeletons (Crypt:3)
  A wraith (Crypt:3)
  4 spriggans (Lair:5)
  A satyr skeleton (Crypt:2)
  4 water elementals
  34 yaks
  A golden eye (Slime:4)
  3 redbacks
  3 vampire mosquitoes (Swamp:4)
  Edmund (D:5)
  A swamp worm (Swamp:4)
  2 water moccasins
  A swamp drake (Swamp:4)
  20 orc warriors
  A black bear (Lair:5)
  23 wolves
  3 boggarts (Lair:5)
  6 laughing skulls
  2 ogres
  4 centaurs
  A kobold brigand (D:9)
  2 fire crab zombies
  A gnoll sergeant (D:10)
  A two-headed ogre simulacrum (D:12)
  5 electric eels
  2 howler monkeys
  A gnoll bouda (D:4)
  An orc priest (Orc:2)
  A centaur skeleton (Crypt:3)
  4 orc wizards
  A spriggan simulacrum (D:12)
  A troll simulacrum (D:12)
  2 gnolls (D:4)
  An adder (D:3)
  A naga simulacrum (D:12)
  A dart slug (D:2)
  10 orcs
  A bat (D:3)
  An endoplasm (D:3)
  A giant cockroach (D:1)
  3 goblins
  4 hobgoblins
  2 quokkas
  A ball python (D:2)
  4 kobolds
  4 rats
526 creatures vanquished.

Vanquished Creatures (collateral kills)
  A dread lich (Vaults:5)
  Mennas (Vaults:3)
  2 orbs of fire
  A juggernaut (Depths:2)
  Sojobo (Depths:3)
  Boris (twice) (Vaults:3 Crypt:3)
  5 Killer Klowns (Zot:5)
  Bai Suzhen (Vaults:3)
  Margery (Depths:1)
  6 golden dragons
  A curse toe (Zot:2)
  2 bone dragons (Crypt:3)
  2 electric golems
  11 tentacled monstrosities
  Rupert (Orc:2)
  A hellephant (Depths:1)
  19 Orb Guardians
  Jorgrun (Swamp:1)
  5 liches
  2 shard shrike skeletons (Crypt:3)
  5 quicksilver dragons
  2 deep elf master archers (Elf:3)
  6 titans
  5 sphinxes
  4 acid blobs
  6 death cobs
  8 ancient champions
  A thorn hunter (Swamp:4)
  2 eldritch tentacles
  13 tengu reavers
  18 storm dragons
  12 shadow dragons
  Agnes (D:14)
  4 azure jellies
  The ghost of Kevimi the Acrobat, an adept FeNe of Sif Muna (Vaults:3)
  Aizul (Elf:3)
  A protean progenitor (Zot:5)
  9 vault wardens
  4 draconian monks
  2 iron dragons
  4 rockslimes
  8 fire giants
  5 revenants
  10 emperor scorpions
  6 draconian shifters
  A fenstrider witch (Swamp:2)
  4 ghost moths
  A caustic shrike zombie (WizLab)
  6 deep elf elementalists
  5 deep elf sorcerers (Elf:3)
  7 frost giants
  8 draconian stormcallers
  A cacodemon (Depths:3)
  2 draconian scorchers
  16 ironbound preservers
  7 ghouls (Crypt:3)
  3 orc warlords (Vaults:3)
  22 very ugly things
  A juggernaut skeleton (Crypt:3)
  5 draconian annihilators
  10 stone giants
  9 green draconians
  A broodmother (Spider:4)
  3 eleionomae
  2 vampire knights
  3 caustic shrike skeletons (Crypt:3)
  3 quicksilver oozes
  7 ironbound thunderhulks
  11 deep elf death magi
  5 deep elf demonologists (Elf:3)
  5 black draconians
  5 white draconians
  4 war gargoyles
  11 deep elf annihilators
  6 purple draconians
  4 bunyips
  17 dire elephants
  8 yellow draconians
  3 halazid warlocks (WizLab)
  9 red draconians
  A spectral titan (WizLab)
  6 eidola
  5 spark wasps
  9 ettins
  3 merfolk impalers (Depths:4)
  5 crystal guardians
  6 deep elf high priests
  13 fire dragons
  2 merfolk javelineers (Depths:1)
  A blizzard demon (Depths:2)
  A quicksilver dragon zombie (WizLab)
  A jiangshi (Crypt:2)
  15 yaktaur captains
  A shambling mangrove (Swamp:4)
  50 slime creatures
  9 entropy weavers
  3 great orbs of eyes
  10 ice dragons
  3 peacekeepers
  14 hydras
  6 ironbound frosthearts
  A spriggan air mage (Depths:4)
  27 vault guards
  A juggernaut simulacrum (Crypt:2)
  A death knight (Crypt:3)
  A ghost crab (Swamp:2)
  A catoblepas (D:14)
  4 rakshasas
  12 alligators
  2 ogre magi
  A fenstrider witch skeleton (Crypt:3)
  8 boulder beetles
  A satyr (Zot:5)
  4 radroaches
  2 two-headed ogres
  9 dancing weapons
  6 centaur warriors
  4 vampire magi
  3 tengu warriors
  5 deep troll shamans
  6 deep troll earth magi
  4 demonic crawlers
  2 occultists
  A spriggan berserker (Swamp:4)
  8 death yaks
  A soul eater (Crypt:3)
  2 titan skeletons (Crypt:3)
  15 deep elf knights
  An emperor scorpion zombie (Spider:2)
  A shadow wraith (WizLab)
  A skyshark (Lair:5)
  6 hell knights
  Nergalle (Orc:1)
  A sixfirhy (Depths:1)
  5 goliath frogs
  5 spriggan druids
  2 storm dragon skeletons
  A glowing orange brain (shapeshifter) (Zot:4)
  5 pharaoh ants
  24 skeletal warriors
  42 deep trolls
  13 iron trolls
  8 orb spiders
  8 deep elf archers
  4 arcanists
  An orange crystal statue (Depths:2)
  A spriggan rider (Swamp:2)
  A sun moth (shapeshifter) (Vaults:3)
  12 ironbound convokers
  Pikel (D:5)
  11 phantasmal warriors
  A sun moth (Spider:2)
  An orb spider (shapeshifter) (Zot:4)
  10 swamp dragons (Swamp:4)
  8 bog bodies
  21 wolf spiders
  4 necromancers
  20 deep elf zephyrmancers
  An iron giant skeleton (Crypt:2)
  4 steelbarb worms
  3 ugly thing zombies (D:14)
  25 deep elf pyromancers
  A flayed ghost (Crypt:2)
  2 nameless horrors (Depths:1)
  12 orc knights
  An iron dragon zombie (Depths:2)
  A tengu skeleton (Depths:1)
  4 harpies (Vaults:3)
  7 thermic dynamos
  3 cyclopes
  A shadow dragon skeleton (Crypt:3)
  3 will-o-the-wisps
  A frost giant zombie (Depths:2)
  3 shining eyes
  An orc sorcerer (Orc:2)
  An ugly thing (shapeshifter) (Elf:3)
  A manticore (D:15)
  Maurice (Orc:2)
  A fire giant zombie (Depths:1)
  4 elephants (Lair:1)
  36 ugly things
  An alligator skeleton (Crypt:3)
  A centaur zombie (D:13)
  21 moths of wrath
  8 meliai
  21 vault sentinels
  3 kobold blastminers
  A frost giant skeleton (Depths:1)
  A smoke demon (D:9)
  An eye of devastation (Slime:2)
  An orange demon (Depths:3)
  4 black mambas
  2 gargoyles
  4 cane toads
  2 unseen horrors
  3 torpor snails
  Jeremiah (D:9)
  6 komodo dragons
  3 centaur skeletons (Crypt:3)
  A catoblepas zombie (D:14)
  An orb spider zombie (Spider:1)
  16 yaktaurs
  A freezing wraith (Crypt:1)
  2 komodo dragons (shapeshifter) (Vaults:5)
  A tormentor (Depths:1)
  A steelbarb worm zombie (Spider:4)
  4 tengu conjurers
  An efreet (D:15)
  2 kobold demonologists
  3 rime drakes
  A demonic crawler zombie (Spider:1)
  5 guardian mummies (Crypt:2)
  A spectral harpy (WizLab)
  2 red devils (D:9)
  9 redback zombies
  8 tyrant leeches
  3 polar bears
  2 hellwings (D:9)
  A harpy zombie (Crypt:2)
  15 hornets
  A polar bear (shapeshifter) (D:15)
  19 jumping spiders
  3 trolls
  2 moth of wrath zombies
  27 tarantellas
  3 jumping spider zombies
  A tarantella zombie (Spider:1)
  2 harpy skeletons (Crypt:3)
  A glass eye (shapeshifter) (D:15)
  3 meliai zombies
  2 dream sheep (Lair:5)
  6 blink frogs
  2 culicivora zombies
  A stone giant simulacrum (Crypt:2)
  A shadow (D:12)
  2 air elementals
  21 culicivoras
  An ettin skeleton (Depths:1)
  22 spriggans
  19 water elementals
  2 wyverns
  60 yaks
  A vampire (D:14)
  2 wraiths
  4 basilisks
  2 wargs (D:12)
  An alligator snapping turtle simulacrum (Crypt:2)
  3 fire elementals
  3 golden eyes (Slime:4)
  A human (shapeshifter) (D:15)
  A steam dragon (D:9)
  76 redbacks
  Menkaure (D:5)
  7 vampire mosquitoes
  10 water moccasins
  3 acid dragons
  16 swamp worms
  A merfolk zombie (Crypt:2)
  An entropy weaver zombie (Spider:2)
  31 orc warriors
  10 swamp drakes
  6 black bears
  26 laughing skulls
  5 ice beasts
  2 sky beasts
  2 boggarts (Lair:5)
  6 ogres
  28 wolves
  16 centaurs
  A torpor snail zombie (Crypt:2)
  3 phantoms
  2 lemures (D:5)
  3 kobold brigands
  10 bullfrogs
  A gnoll sergeant (D:9)
  A rime drake skeleton (Crypt:3)
  2 cyclops zombies
  3 scorpions
  A cyclops skeleton (Crypt:1)
  A wight (D:8)
  A water moccasin skeleton (Crypt:1)
  14 killer bees
  3 howler monkeys
  An electric eel (Spider:4)
  A crimson imp (D:9)
  3 bombardier beetles
  3 hounds
  12 orc priests
  A gnoll bouda (D:7)
  7 jellies
  2 sleepcaps
  Jessica (D:3)
  6 iguanas
  19 orc wizards
  3 spriggan simulacra
  A centaur simulacrum (D:9)
  A mummy (Crypt:2)
  21 gnolls
  3 adders
  2 naga simulacra (D:12)
  A steam dragon skeleton (Crypt:1)
  A white imp (D:6)
  4 ufetubi (D:6)
  2 dart slugs
  2 ribbon worms
  101 orcs
  9 endoplasms
  A giant cockroach (D:2)
  27 goblins
  22 hobgoblins
  A quokka (D:5)
  A ball python (D:4)
  A ball python skeleton (Crypt:2)
  A bat (D:2)
  25 kobolds
  3 rats (D:2)
  A spectral hobgoblin (D:3)
2018 creatures vanquished.

Vanquished Creatures (others)
  11 eldritch tentacles
  6 acid blobs
  A fire giant (Depths:1)
  7 azure jellies
  10 rockslimes
  A reaper (Crypt:3)
  5 quicksilver oozes
  3 formless jellyfish
  A deep elf annihilator (Elf:3)
  A deep elf high priest (Elf:3)
  4 great orbs of eyes
  A yaktaur captain (Vaults:1)
  5 vault guards (Vaults:5)
  A deep troll (Depths:2)
  2 glowing orange brains
  An orb spider (Spider:4)
  An ironbound convoker (Vaults:3)
  2 ugly things (Depths:1)
  A deep elf zephyrmancer (Elf:3)
  A deep elf pyromancer (Elf:1)
  A vault sentinel (Vaults:4)
  3 yaktaurs
  A kobold demonologist (D:14)
  2 glass eyes
  A wraith (Crypt:2)
  31 slime creatures
  A water elemental (Depths:3)
  A redback (Spider:4)
  A fire bat skeleton (Crypt:1)
  A laughing skull (Crypt:3)
  252 jellies
  An orc (Orc:2)
  2 kobolds (D:14)
  A kobold zombie (Crypt:2)
  110 blazeheart cores
  8 foxfires
482 creatures vanquished.

Grand Total: 3026 creatures vanquished

Notes
Turn   | Place    | Note
-------+----------+-------------------------------------------
     0 | D:1      | bananaken the Felid Summoner began the quest for the Orb.
     0 | D:1      | Reached XP level 1. HP: 9/9 MP: 4/4
   634 | D:1      | Reached XP level 2. HP: 13/13 MP: 0/6
   639 | D:1      | Learned a level 2 spell: Call Imp
   846 | D:1      | Found a faded altar of an unknown god.
  1344 | D:2      | Reached XP level 3. HP: 16/16 MP: 1/8
  1348 | D:2      | Learned a level 3 spell: Call Canine Familiar
  2328 | D:3      | Reached skill level 5 in Summonings
  2328 | D:3      | Reached XP level 4. HP: 16/21 MP: 8/10
  2328 | D:3      | Gained a life (2 lives remaining)
  2436 | D:3      | Noticed Grinder
  2448 | D:3      | Killed Grinder
  2449 | D:3      | Reached XP level 5. HP: 18/24 MP: 5/12
  2449 | D:3      | Gained mutation: You are covered in thick fur. (AC +2)
                  | [Felid growth]
  2449 | D:3      | Reached XP level 6. HP: 21/28 MP: 5/13
  2524 | D:3      | Found a transporter.
  2541 | D:3      | Found an ornate altar of the Wu Jian Council.
  2561 | D:3      | Found a blossoming altar of Fedhas.
  2874 | D:3      | Learned a level 4 spell: Summon Blazeheart Golem
  2968 | D:3      | Found a transporter.
  3053 | D:3      | Found a one-way gate to the infinite horrors of the Abyss.
  3053 | D:3      | Noticed hellokittymahmut's ghost (amateur DECj)
  3069 | D:3      | Found a white marble altar of Elyvilon.
  3117 | D:3      | Found a hazy altar of Hepliaklqana.
  3238 | D:3      | Noticed Jessica
  3246 | D:3      | Killed Jessica
  3362 | D:3      | Reached skill level 1 in Fire Magic
  3548 | D:3      | Reached XP level 7. HP: 21/32 MP: 4/14
  3860 | D:3      | Learned a level 4 spell: Summon Lightning Spire
  4431 | D:4      | Reached skill level 1 in Air Magic
  4984 | D:4      | Found a shimmering altar of Xom.
  4984 | D:4      | Found an opulent altar of Gozag.
  5100 | D:5      | Entered Level 5 of the Dungeon
  5100 | D:5      | Noticed Edmund
  5105 | D:5      | Killed Edmund
  5106 | D:5      | Reached skill level 5 in Spellcasting
  5106 | D:5      | Reached XP level 8. HP: 36/36 MP: 11/16
  5258 | D:5      | Noticed Menkaure
  5472 | D:5      | Killed Menkaure
  5645 | D:5      | Found an iron altar of Okawaru.
  5679 | D:5      | Reached XP level 9. HP: 39/39 MP: 12/18
  5746 | D:5      | Reached skill level 5 in Evocations
  5922 | D:5      | Found a staircase to the Ecumenical Temple.
  5952 | Temple   | Entered the Ecumenical Temple
  5962 | Temple   | Became a worshipper of Kikubaaqudgha
  6005 | D:5      | Noticed Pikel
  6032 | D:5      | Killed Pikel
  6033 | D:5      | Reached skill level 5 in Fire Magic
  6033 | D:5      | Reached skill level 5 in Air Magic
  6994 | D:6      | Reached * piety under Kikubaaqudgha
  6994 | D:6      | Received a gift from Kikubaaqudgha
  7001 | D:6      | Learned a level 4 spell: Anguish
  7338 | D:7      | Reached skill level 1 in Necromancy
  7525 | D:7      | Found a flagged portal.
  7535 | D:7      | Reached XP level 10. HP: 44/44 MP: 13/21
  7667 | Bailey   | Entered a bailey
  7692 | Bailey   | Reached ** piety under Kikubaaqudgha
  7769 | Bailey   | Reached skill level 2 in Necromancy
  7780 | Bailey   | Reached skill level 1 in Hexes
  7919 | Bailey   | Noticed an orc knight
  7929 | Bailey   | Noticed an orc knight
  7934 | Bailey   | Killed an orc knight
  7945 | Bailey   | Killed an orc knight
  7946 | Bailey   | Reached skill level 3 in Necromancy
  7979 | Bailey   | Noticed an orc knight
  8031 | Bailey   | Killed an orc knight
  8547 | D:8      | Found Zin's Purification Station.
  8547 | D:8      | Found a glowing silver altar of Zin.
  8569 | D:8      | Reached skill level 5 in Hexes
  8569 | D:8      | Reached skill level 4 in Necromancy
  8664 | D:8      | HP: 2/44 [electric eel/bolt of electricity (14)]
  8867 | D:8      | Reached *** piety under Kikubaaqudgha
  8867 | D:8      | Received a gift from Kikubaaqudgha
  8878 | D:8      | Learned a level 6 spell: Death Channel
  9288 | D:8      | Reached XP level 11. HP: 47/47 MP: 16/24
  9654 | D:8      | Reached skill level 10 in Summonings
  9728 | D:9      | Reached skill level 5 in Necromancy
 10217 | D:9      | Noticed a cyan ugly thing
 10233 | D:9      | Killed a cyan ugly thing
 10270 | D:9      | HP: 1/47 [smoke demon/divine providence (15)]
 10272 | D:9      | Killed from afar by a smoke demon
 10272 | D:9      | Lost a life (1 life remaining)
 10293 | D:9      | Found a snail-covered altar of Cheibriados.
 10299 | D:9      | Noticed Jeremiah
 10319 | D:9      | Killed Jeremiah
 10405 | D:9      | Reached **** piety under Kikubaaqudgha
 10873 | D:9      | Found a runed translucent door.
 10878 | D:9      | Reached skill level 6 in Necromancy
 11100 | D:9      | Noticed a tengu warrior
 11172 | D:9      | Killed a tengu warrior
 11173 | D:9      | Reached skill level 7 in Necromancy
 11466 | D:9      | Found a burning altar of Makhleb.
 11467 | D:9      | Found a radiant altar of Vehumet.
 11638 | D:9      | Learned a level 5 spell: Borgnjor's Vile Clutch
 11689 | D:10     | Entered Level 10 of the Dungeon
 11729 | D:10     | Found a bloodstained altar of Trog.
 11870 | D:10     | Reached skill level 1 in Earth Magic
 12028 | D:10     | Reached skill level 8 in Necromancy
 12142 | D:10     | Gained mutation: Your thick and shaggy fur keeps you warm.
                  | (AC +3, rC+) [Felid growth]
 12142 | D:10     | Reached XP level 12. HP: 51/51 MP: 18/26
 12142 | D:10     | Gained a life (2 lives remaining)
 12535 | D:10     | Found a staircase to the Lair.
 13095 | D:11     | Found Inoegron's General Store.
 13113 | D:11     | Bought a wand of flame (10) for 70 gold pieces
 13113 | D:11     | Bought a scroll of immolation for 40 gold pieces
 13787 | D:12     | Found a broken altar of Ashenzari.
 13843 | D:12     | Reached skill level 9 in Necromancy
 14004 | D:12     | Found Xutid's Magic Scroll Boutique.
 14022 | D:12     | Bought a scroll of teleportation for 48 gold pieces
 14022 | D:12     | Bought a scroll of identify for 32 gold pieces
 14022 | D:12     | Bought a scroll of identify for 32 gold pieces
 14022 | D:12     | Bought a scroll of blinking for 120 gold pieces
 14061 | D:12     | Found a frozen archway.
 14124 | D:12     | Reached skill level 5 in Earth Magic
 14216 | IceCv    | Entered an ice cave
 14358 | IceCv    | Noticed a death yak
 14364 | IceCv    | Noticed a death yak
 14367 | IceCv    | Noticed a death yak
 14369 | IceCv    | Killed a death yak
 14370 | IceCv    | Reached skill level 10 in Spellcasting
 14373 | IceCv    | Killed a death yak
 14373 | IceCv    | Killed a death yak
 14374 | IceCv    | Reached skill level 10 in Necromancy
 14630 | IceCv    | Reached ***** piety under Kikubaaqudgha
 14935 | IceCv    | Reached XP level 13. HP: 55/55 MP: 4/28
 15180 | IceCv    | a glowing shapeshifter changed into a spark wasp
 15180 | IceCv    | Noticed a spark wasp (glowing shapeshifter)
 15182 | IceCv    | a spark wasp changed into a broodmother
 15182 | IceCv    | Noticed a broodmother (glowing shapeshifter)
 15188 | IceCv    | an anaconda changed into a ghost moth
 15188 | IceCv    | Noticed a ghost moth (glowing shapeshifter)
 15189 | IceCv    | Reached skill level 11 in Necromancy
 15191 | IceCv    | Killed a ghost moth
 15430 | IceCv    | Identified the ring "Quchom" {Ice rElec}
 15711 | IceCv    | Upgraded the game from 0.32-a0-995-gb4a59205af to
                  | 0.32-a0-996-gb3226c233f
 16154 | D:12     | Found a staircase to the Orcish Mines.
 16412 | Lair:1   | Entered Level 1 of the Lair of Beasts
 16435 | Lair:1   | Reached skill level 1 in Fighting
 16701 | Lair:1   | Reached skill level 12 in Necromancy
 16805 | Lair:1   | Reached skill level 5 in Stealth
 17267 | Lair:2   | Reached skill level 5 in Dodging
 17588 | Lair:2   | Found a hole to the Spider Nest.
 18217 | Lair:2   | Found a staircase to the Swamp.
 18706 | Lair:3   | Reached XP level 14. HP: 65/65 MP: 2/30
 20408 | Lair:4   | Reached ****** piety under Kikubaaqudgha
 20409 | Lair:4   | Received a gift from Kikubaaqudgha (forbidden knowledge)
 20421 | Lair:4   | Learned a level 7 spell: Haunt
 20839 | Lair:5   | Entered Level 5 of the Lair of Beasts
 21080 | Lair:5   | Found a staircase to the Slime Pits.
 21581 | Lair:5   | Reached skill level 13 in Necromancy
 23628 | Orc:1    | Entered Level 1 of the Orcish Mines
 23644 | Orc:1    | Noticed Harold
 23650 | Orc:1    | Noticed Nergalle
 23658 | Orc:1    | Killed Harold
 23659 | Orc:1    | Reached XP level 15. HP: 70/70 MP: 10/32
 23661 | Orc:1    | Killed Nergalle
 23661 | Orc:1    | Noticed Fannar
 23675 | Orc:1    | Killed Fannar
 24788 | Orc:2    | Entered Level 2 of the Orcish Mines
 24788 | Orc:2    | Found a staircase to the Elven Halls.
 24817 | Orc:2    | Killed from afar by an orc priest
 24817 | Orc:2    | Lost a life (1 life remaining)
 24885 | Orc:2    | Reached skill level 14 in Necromancy
 25727 | Orc:2    | Noticed Maurice
 25743 | Orc:2    | Killed Maurice
 25748 | Orc:2    | Noticed Rupert
 25762 | Orc:2    | Killed Rupert
 25977 | Orc:2    | Found Donyal's Assorted Antiques.
 25977 | Orc:2    | Found Puish's General Store.
 25979 | Orc:2    | Found Damna's Antique Weapon Shop.
 25981 | Orc:2    | Found Sicwom's Assorted Antiques.
 25992 | Orc:2    | Bought a scroll of butterflies for 108 gold pieces
 25992 | Orc:2    | Bought a scroll labelled YFOCOQ LEUR for 27 gold pieces
 25992 | Orc:2    | Bought a scratched ruby ring for 135 gold pieces
 26837 | Orc:2    | Bought a lightning rod (4/4) for 480 gold pieces
 26840 | Orc:2    | Bought a sack of spiders for 1080 gold pieces
 27041 | Swamp:1  | Entered Level 1 of the Swamp
 27054 | Lair:2   | Learned a level 8 spell: Infestation
 27221 | Swamp:1  | Noticed Jorgrun
 27281 | Swamp:1  | Killed Jorgrun
 27407 | Swamp:1  | Found a glowing golden altar of the Shining One.
 27468 | Swamp:1  | Identified the +1 plate armour of Quiet Fog {rPois rN++
                  | Str-2 Int+2}
 28323 | Slime:1  | Entered Level 1 of the Pits of Slime
 28329 | Slime:1  | Noticed an acid blob
 28333 | Slime:1  | Noticed an azure jelly
 28335 | Slime:1  | Noticed an azure jelly
 28335 | Slime:1  | Noticed a rockslime
 28338 | Slime:1  | Reached skill level 15 in Necromancy
 28343 | Slime:1  | Killed an azure jelly
 28369 | Slime:1  | Noticed a rockslime
 28374 | Slime:1  | Noticed a rockslime
 28374 | Slime:1  | Noticed a rockslime
 28374 | Slime:1  | Noticed an acid blob
 28374 | Slime:1  | Noticed an acid blob
 28377 | Slime:1  | Killed a rockslime
 28384 | Slime:1  | Noticed a rockslime
 28384 | Slime:1  | Noticed an azure jelly
 28391 | Slime:1  | Noticed a rockslime
 28391 | Slime:1  | Noticed an azure jelly
 28391 | Slime:1  | Noticed an azure jelly
 28395 | Slime:1  | Noticed an azure jelly
 28400 | Slime:1  | Killed a rockslime
 28403 | Slime:1  | Killed an azure jelly
 28526 | Slime:2  | Gained mutation: You do not regenerate when monsters are
                  | visible. [a shining eye]
 28624 | Slime:3  | Noticed an azure jelly
 28627 | Slime:3  | Killed an azure jelly
 28697 | Slime:4  | Noticed a rockslime
 28703 | Slime:4  | Noticed an acid blob
 28705 | Slime:4  | Reached XP level 16. HP: 74/74 MP: 27/34
 28705 | Slime:4  | Gained a life (2 lives remaining)
 28710 | Slime:4  | Killed an acid blob
 28755 | Slime:5  | Entered Level 5 of the Pits of Slime
 28775 | Slime:5  | Noticed an acid blob
 28803 | Slime:5  | Noticed an acid blob
 28807 | Slime:5  | Killed an acid blob
 28808 | Slime:5  | Reached skill level 16 in Necromancy
 28824 | Slime:5  | Noticed an acid blob
 28832 | Slime:5  | Noticed the Royal Jelly
 28841 | Slime:5  | Found a viscous altar of Jiyva.
 28841 | Slime:5  | Found the +0 pair of fencer's gloves {Riposte Dex+3}
 28841 | Slime:5  | Found the +1 cloak of Starlight {*Dazzle EV+4 Stlth--}
 28841 | Slime:5  | Gained mutation: You sometimes lose your temper in combat.
                  | [a shining eye]
 28842 | Slime:5  | Found the +16 obsidian axe {drain, demonic, Mesm ^Drain Fly
                  | SInv}
 28845 | Slime:5  | Fell from the grace of Kikubaaqudgha
 28845 | Slime:5  | Became a worshipper of Jiyva Jaaciany the Shapeless
 28845 | Slime:5  | Noticed an acid blob
 28846 | Slime:5  | Lost mutation: You sometimes lose your temper in combat.
                  | [potion of mutation]
 28846 | Slime:5  | Lost mutation: You do not regenerate when monsters are
                  | visible. [potion of mutation]
 28846 | Slime:5  | Gained mutation: Your health recovers twice as slowly from
                  | being drained. [potion of mutation]
 28846 | Slime:5  | Gained mutation: Your spells are a little harder to cast,
                  | but a little more powerful. [potion of mutation]
 28846 | Slime:5  | Lost mutation: Your spells are a little harder to cast, but
                  | a little more powerful. [potion of mutation]
 28846 | Slime:5  | Gained mutation: You have a somewhat thin skeletal
                  | structure. (Dex +2, Stealth+) [potion of mutation]
 28847 | Slime:5  | Noticed an acid blob
 28857 | Slime:5  | Noticed an acid blob
 28869 | Slime:5  | Noticed an acid blob
 29129 | Slime:4  | Noticed an acid blob
 29130 | Slime:4  | Noticed an acid blob
 29668 | Slime:3  | Noticed an acid blob
 30529 | D:13     | Found Jefoor's Antique Armour Shop.
 30848 | D:14     | Found Bebogor's Weapon Shop.
 30865 | D:14     | Reached * piety under Jiyva
 30905 | D:14     | Noticed Agnes
 30915 | D:14     | Killed Agnes
 31249 | D:14     | Identified the +2 leather armour "Immabbo" {rPois Regen+
                  | Stlth+}
 31251 | D:14     | Lost mutation: You have a somewhat thin skeletal structure.
                  | (Dex +2, Stealth+) [potion of mutation]
 31251 | D:14     | Lost mutation: Your health recovers twice as slowly from
                  | being drained. [potion of mutation]
 31251 | D:14     | Gained mutation: You expend magic power (3 MP) to
                  | strengthen your wands. [potion of mutation]
 31257 | D:14     | Reached skill level 17 in Necromancy
 31295 | D:14     | Noticed Roxanne
 31315 | D:14     | Killed Roxanne
 31339 | D:14     | Found a gate to the Vaults.
 31369 | D:14     | Reached ** piety under Jiyva
 31746 | D:15     | Entered Level 15 of the Dungeon
 31860 | D:15     | Found a hide-covered altar of Uskayaw.
 32100 | D:15     | HP: 1/45 [deep troll earth mage/blast of rock fragments
                  | (21)]
 32102 | D:15     | Killed from afar by a deep troll earth mage
 32102 | D:15     | Lost a life (1 life remaining)
 32368 | D:15     | Found a staircase to the Depths.
 32528 | Elf:1    | Entered Level 1 of the Elven Halls
 32545 | Elf:1    | Reached skill level 18 in Necromancy
 32863 | Spider:1 | Entered Level 1 of the Spider Nest
 32939 | Spider:1 | Reached *** piety under Jiyva
 32939 | Spider:1 | Gained mutation: You have an increased reservoir of magic.
                  | (+10% MP) [Jiyva's grace]
 32939 | Spider:1 | Gained mutation: You have a considerably increased
                  | reservoir of magic. (+20% MP) [Jiyva's grace]
 32939 | Spider:1 | Gained mutation: You have a greatly increased reservoir of
                  | magic. (+30% MP) [Jiyva's grace]
 32939 | Spider:1 | Gained mutation: Your mind is acute. (Int +4, Str/Dex -1)
                  | [Jiyva's grace]
 32944 | Spider:1 | Reached XP level 17. HP: 77/77 MP: 9/46
 32944 | Spider:1 | Gained a life (2 lives remaining)
 33079 | Spider:1 | Reached skill level 19 in Necromancy
 33092 | Spider:1 | Reached skill level 5 in Fighting
 33739 | Spider:2 | Reached **** piety under Jiyva
 33864 | Spider:2 | Reached skill level 10 in Dodging
 34679 | Spider:3 | Reached ***** piety under Jiyva
 35071 | Spider:4 | Entered Level 4 of the Spider Nest
 35113 | Spider:4 | Lost mutation: Your mind is acute. (Int +4, Str/Dex -1)
                  | [Jiyva's grace]
 35113 | Spider:4 | Gained mutation: You possess an exceptional clarity of
                  | mind. [Jiyva's grace]
 35113 | Spider:4 | Gained mutation: You are partially covered in iridescent
                  | scales. (AC +2) [Jiyva's grace]
 35113 | Spider:4 | Gained mutation: You are mostly covered in iridescent
                  | scales. (AC +4) [Jiyva's grace]
 35113 | Spider:4 | Gained mutation: You are completely covered in iridescent
                  | scales. (AC +6) [Jiyva's grace]
 35196 | Spider:4 | Identified the +1 quarterstaff of Painted Absolution
                  | {freeze, ^Fragile rElec Int+6 Dex+4}
 35282 | Spider:4 | Reached skill level 20 in Necromancy
 35379 | Spider:4 | Reached XP level 18. HP: 91/91 MP: 47/47
 35727 | Spider:4 | Got a gossamer rune of Zot
 36026 | Spider:1 | Was forgiven by Kikubaaqudgha
 36180 | Swamp:2  | Reached skill level 1 in Shapeshifting
 36438 | Swamp:2  | Identified the +6 flail of the Burning Dove {flame, +Blink
                  | Will++}
 36999 | Swamp:3  | Reached ****** piety under Jiyva
 37005 | Swamp:3  | Lost mutation: You have a greatly increased reservoir of
                  | magic. (+30% MP) [Jiyva's grace]
 37005 | Swamp:3  | Lost mutation: You have a considerably increased reservoir
                  | of magic. (+20% MP) [Jiyva's grace]
 37005 | Swamp:3  | Lost mutation: You expend magic power (3 MP) to strengthen
                  | your wands. [Jiyva's grace]
 37005 | Swamp:3  | Gained mutation: Your translucent skin slightly reduces
                  | your foes' accuracy. (Stealth+) [Jiyva's grace]
 37005 | Swamp:3  | Gained mutation: Your translucent skin reduces your foes'
                  | accuracy. (Stealth+) [Jiyva's grace]
 37005 | Swamp:3  | Gained mutation: Your transparent skin significantly
                  | reduces your foes' accuracy. (Stealth+) [Jiyva's grace]
 37005 | Swamp:3  | Gained mutation: You are strong-willed. (Will+) [Jiyva's
                  | grace]
 37487 | Slime:5  | Got a slimy rune of Zot
 37488 | Slime:5  | Identified the ring of Viuh {rPois EV+5 Str+3 Stlth-}
 37491 | Slime:5  | Got the Encyclopedia of Blasting and the Winter
 37498 | Slime:5  | Got Cifem's Advanced Guide to the Words of Power
 37503 | Slime:5  | Identified the +9 whip "Gugh" {freeze, ^Drain rF+ Int+5
                  | Dex+3}
 37521 | Slime:5  | Identified the +3 falchion "Ruxzirchu" {flame, Will++}
 37541 | Slime:5  | Got Wyext's Volume of Twinkling Hurting
 37548 | Slime:5  | Identified the staff of the Morning {rN+ Str+3 Int+3 Necro
                  | Fire}
 37815 | D:12     | Learned a level 9 spell: Death's Door
 37968 | Elf:1    | Identified the +0 buckler of Jivex {rC+ rN++ Str+3}
 37979 | Elf:1    | Reached skill level 21 in Necromancy
 38562 | Elf:2    | Found Hucouhaj's General Store.
 38671 | Elf:2    | Bought a scroll of identify for 34 gold pieces
 38671 | Elf:2    | Bought a potion of brilliance for 68 gold pieces
 38754 | Elf:2    | Found Toticvas's General Store.
 38763 | Elf:2    | Reached skill level 15 in Spellcasting
 38768 | Elf:2    | Reached skill level 5 in Shapeshifting
 38770 | Elf:2    | Reached XP level 19. HP: 98/98 MP: 16/42
 38780 | Elf:2    | Bought a potion of lignification for 30 gold pieces
 38997 | Elf:2    | Found a huge runed translucent gate.
 38997 | Elf:2    | Found a huge runed translucent gate.
 38997 | Elf:2    | Found a huge runed translucent gate.
 38997 | Elf:2    | Found a huge runed translucent gate.
 38997 | Elf:2    | Found a huge runed translucent gate.
 39001 | Elf:2    | Lost mutation: You possess an exceptional clarity of mind.
                  | [Jiyva's grace]
 39001 | Elf:2    | Gained mutation: Armour fits poorly on your pseudopods.
                  | [Jiyva's grace]
 39001 | Elf:2    | Gained mutation: Armour fits poorly on your large
                  | pseudopods. [Jiyva's grace]
 39001 | Elf:2    | Gained mutation: Armour fits poorly on your massive
                  | pseudopods. [Jiyva's grace]
 39001 | Elf:2    | Gained mutation: You have a pair of small horns on your
                  | head. [Jiyva's grace]
 39144 | Elf:3    | Entered Level 3 of the Elven Halls
 39180 | Elf:3    | Identified the serpent talisman "Feliomun" {rN+}
 39180 | Elf:3    | Noticed Aizul
 39305 | Elf:3    | Killed Aizul
 39537 | Elf:3    | Reached skill level 22 in Necromancy
 39546 | Elf:3    | Noticed a Tzitzimitl
 39560 | Elf:3    | Noticed a Tzitzimitl
 39685 | Elf:3    | Got the Verses on Illusory Signs
 39693 | Elf:3    | Identified the +2 hand axe of the Middle {venom, rPois
                  | rCorr SInv}
 39717 | Elf:3    | Got the Lessons on the Singed Iceberg
 39718 | Elf:3    | Found the +3 Elemental Staff {ele, rElec rF+ rC+ AC+3}
 39726 | Elf:3    | Identified the staff of Chance {Fly Dex+5 Earth}
 39752 | Elf:3    | Identified the +0 chain mail of Prudence {Will+ Int+5}
 40808 | Swamp:4  | Entered Level 4 of the Swamp
 41034 | Swamp:4  | Reached skill level 23 in Necromancy
 41038 | Swamp:4  | Identified the +10 great mace of Sudden Death {freeze,
                  | *Slow rPois Dex-4 SInv}
 41109 | Swamp:4  | Got a decaying rune of Zot
 41587 | Vaults:1 | Entered Level 1 of the Vaults
 41612 | Vaults:1 | Found Lomiwugh's Armour Shoppe.
 41616 | Vaults:1 | Reached XP level 20. HP: 102/102 MP: 31/44
 41726 | Vaults:1 | Found a flickering gateway to a bazaar.
 41734 | Bazaar   | Entered a bazaar
 41737 | Bazaar   | Found Niruasub's Weapon Shop.
 41750 | Bazaar   | Lost mutation: You are completely covered in iridescent
                  | scales. (AC +6) [Jiyva's grace]
 41750 | Bazaar   | Lost mutation: Armour fits poorly on your massive
                  | pseudopods. [Jiyva's grace]
 41750 | Bazaar   | Gained mutation: Your body has grown eyes which may confuse
                  | attackers. (Acc +3) [Jiyva's grace]
 41750 | Bazaar   | Gained mutation: Your body has grown many eyes which may
                  | confuse attackers. (Acc +5) [Jiyva's grace]
 41750 | Bazaar   | Gained mutation: Your body is covered in eyes which may
                  | confuse attackers. (Acc +7, SInv) [Jiyva's grace]
 41750 | Bazaar   | Gained mutation: Armour fits poorly on your massive
                  | pseudopods. [Jiyva's grace]
 41792 | Bazaar   | Found Ikhis's Weapon Emporium.
 41843 | Bazaar   | Found Yloarch's Distillery.
 41851 | Bazaar   | Bought a potion of heal wounds for 80 gold pieces
 41851 | Bazaar   | Bought a potion of magic for 128 gold pieces
 41861 | Bazaar   | Bought a potion of brilliance for 64 gold pieces
 41861 | Bazaar   | Bought 2 potions of brilliance for 128 gold pieces
 41861 | Bazaar   | Bought a potion of enlightenment for 80 gold pieces
 42132 | Vaults:1 | Found a large runed translucent door.
 42132 | Vaults:1 | Found a large runed translucent door.
 42133 | Vaults:1 | Noticed AutarchDCSS's ghost (adept NaCj)
 42765 | Vaults:2 | Found a staircase to the Crypt.
 42892 | Vaults:2 | Lost mutation: Your body is covered in eyes which may
                  | confuse attackers. (Acc +7, SInv) [Jiyva's grace]
 42892 | Vaults:2 | Lost mutation: Your transparent skin significantly reduces
                  | your foes' accuracy. (Stealth+) [Jiyva's grace]
 42892 | Vaults:2 | Gained mutation: Your body is covered in eyes which may
                  | confuse attackers. (Acc +7, SInv) [Jiyva's grace]
 42892 | Vaults:2 | Gained mutation: You have a pair of horns on your head.
                  | [Jiyva's grace]
 42892 | Vaults:2 | Gained mutation: You have a pair of large horns on your
                  | head. [Jiyva's grace]
 42892 | Vaults:2 | Gained mutation: You expend magic power (3 MP) to
                  | strengthen your wands. [Jiyva's grace]
 42963 | Vaults:2 | Found Dasog's Assorted Antiques.
 43018 | Vaults:2 | Found Zifiwnek's General Store.
 43043 | Vaults:2 | Found Sez Azig's Jewellery Emporium.
 43112 | Vaults:2 | Found Ubith's Distillery.
 43124 | Vaults:2 | Bought 2 potions of heal wounds for 210 gold pieces
 43155 | Vaults:2 | Found Uxu Agh's Armour Shoppe.
 43571 | Vaults:2 | Reached skill level 24 in Necromancy
 43626 | Vaults:2 | Gained mutation: Your rubbery body absorbs attacks. (AC +1,
                  | EV +1) [Jiyva's grace]
 43626 | Vaults:2 | Gained mutation: Your pliable body absorbs attacks. (AC +2,
                  | EV +2) [Jiyva's grace]
 43626 | Vaults:2 | Gained mutation: Your gelatinous body deflects attacks. (AC
                  | +3, EV +3) [Jiyva's grace]
 43626 | Vaults:2 | Gained mutation: Your mind is acute. (Int +4, Str/Dex -1)
                  | [Jiyva's grace]
 43767 | Vaults:3 | Identified the +4 robe of Experimentation {Str+5 Int+3}
 43767 | Vaults:3 | Noticed Boris
 43780 | Vaults:3 | Killed Boris
 43822 | Vaults:3 | Noticed Bai Suzhen
 43909 | Vaults:3 | Killed Bai Suzhen
 44229 | Vaults:3 | Learned a level 2 spell: Blink
 44302 | Vaults:3 | Reached skill level 10 in Shapeshifting
 44514 | Vaults:3 | Reached XP level 21. HP: 106/106 MP: 24/45
 44539 | Vaults:3 | Reached skill level 25 in Necromancy
 44635 | Vaults:3 | Noticed Mennas
 44654 | Vaults:3 | Killed Mennas
 44685 | Vaults:3 | Found a runed translucent door.
 44693 | Vaults:3 | Noticed Kevimi's ghost (adept FeNe)
 44715 | Vaults:3 | Killed Kevimi's ghost
 44735 | Vaults:3 | Identified the +1 pair of boots "Muehies" {rC+ Regen+
                  | Slay-5}
 45808 | Vaults:4 | Lost mutation: You are mostly covered in iridescent scales.
                  | (AC +4) [Jiyva's grace]
 45808 | Vaults:4 | Lost mutation: Your body is covered in eyes which may
                  | confuse attackers. (Acc +7, SInv) [Jiyva's grace]
 45808 | Vaults:4 | Lost mutation: Your body has grown many eyes which may
                  | confuse attackers. (Acc +5) [Jiyva's grace]
 45808 | Vaults:4 | Lost mutation: Armour fits poorly on your massive
                  | pseudopods. [Jiyva's grace]
 45808 | Vaults:4 | Lost mutation: Your translucent skin reduces your foes'
                  | accuracy. (Stealth+) [Jiyva's grace]
 45808 | Vaults:4 | Gained mutation: You have hidden genetic potential.
                  | [Jiyva's grace]
 45808 | Vaults:4 | Gained mutation: You have great hidden genetic potential.
                  | [Jiyva's grace]
 45808 | Vaults:4 | Gained mutation: You have very sharp fingernails. [Jiyva's
                  | grace]
 45808 | Vaults:4 | Gained mutation: You have claws for hands. [Jiyva's grace]
 45829 | Vaults:4 | Upgraded the game from 0.32-a0-996-gb3226c233f to
                  | 0.32-a0-999-gfa1cc04b1d
 45879 | Vaults:5 | Entered Level 5 of the Vaults
 46035 | Vaults:5 | Got the Handbook of the Excursion
 46191 | Vaults:5 | Identified the +3 plate armour of Indomitability {rCorr
                  | Str+8 Dex-3}
 46199 | Vaults:5 | Reached XP level 22. HP: 111/111 MP: 22/46
 46208 | Vaults:5 | Identified the +1 morningstar of Peledghoi {flame, rCorr
                  | Str+5}
 46223 | Vaults:5 | Identified the ring of Jakhi {rC+ Will+ Str+3 Slay+3}
 46227 | Vaults:5 | Got the Monograph on Blasphemous Rituals and the Map
 46228 | Vaults:5 | Identified the quicksilver dragon scales of Doomed
                  | Happiness {rC+ Will+}
 46240 | Vaults:5 | Identified the +8 rapier of the Valley of Death {antimagic,
                  | rN+ Int+3}
 46249 | Vaults:5 | Identified the ring of Goenkim {rF+ MP+9 Str+7 Slay+2}
 46267 | Vaults:5 | Got a silver rune of Zot
 46294 | Vaults:5 | Noticed a dread lich
 46296 | Vaults:5 | Killed a dread lich
 46297 | Vaults:5 | Reached skill level 15 in Shapeshifting
 46302 | Vaults:5 | Identified the staff "Riustre" {rF+ Str+3 Int-2 Dex+3 Fire}
 46556 | Vaults:5 | Identified the staff "Dragonbane" {rElec rF+ Will+ Int+4
                  | Air}
 46677 | Vaults:5 | Gained mutation: Your flesh is cold resistant. (rC+)
                  | [hidden potential]
 46866 | Vaults:5 | Noticed a golden dragon
 46873 | Vaults:5 | Killed a golden dragon
 47044 | Vaults:4 | Learned a level 4 spell: Dispel Undead
 47091 | Crypt:1  | Entered Level 1 of the Crypt
 47570 | Crypt:1  | Reached skill level 1 in Unarmed Combat
 48248 | Crypt:2  | Reached skill level 10 in Fighting
 48479 | Crypt:2  | Lost mutation: You have claws for hands. [Jiyva's grace]
 48479 | Crypt:2  | Lost mutation: You have a pair of large horns on your head.
                  | [Jiyva's grace]
 48479 | Crypt:2  | Lost mutation: You are partially covered in iridescent
                  | scales. (AC +2) [Jiyva's grace]
 48479 | Crypt:2  | Lost mutation: You have great hidden genetic potential.
                  | [Jiyva's grace]
 48479 | Crypt:2  | Gained mutation: You possess an exceptional clarity of
                  | mind. [Jiyva's grace]
 48479 | Crypt:2  | Gained mutation: Your muscles are strong. (Str +4, Int/Dex
                  | -1) [Jiyva's grace]
 48479 | Crypt:2  | Gained mutation: Your muscles are very strong. (Str +8,
                  | Int/Dex -2) [Jiyva's grace]
 48479 | Crypt:2  | Gained mutation: You are partially covered in iridescent
                  | scales. (AC +2) [Jiyva's grace]
 48509 | Crypt:2  | Identified the +4 robe of Haunted Birdsong {Harm Slay-4
                  | Stlth+}
 48509 | Crypt:2  | Noticed Boris
 48513 | Crypt:2  | Killed Boris
 48583 | Crypt:2  | Identified the ring of Starshine {Ice rN+ rCorr Str+3
                  | Int-5}
 48583 | Crypt:2  | Noticed Josephina
 48590 | Crypt:2  | Killed Josephina
 48862 | Crypt:3  | Entered Level 3 of the Crypt
 48929 | Crypt:3  | Reached XP level 23. HP: 16/115 MP: 10/48
 48929 | Crypt:3  | HP: 2/149 [lich/bolt of cold (18)]
 49006 | Crypt:3  | Found a magical portal.
 49020 | WizLab   | Entered Borgnjor's Mausoleum
 49154 | WizLab   | Reached skill level 5 in Unarmed Combat
 49180 | WizLab   | Got Borgnjor's Tome of Ectoplasm
 49661 | Crypt:3  | Noticed a dread lich
 49665 | Crypt:3  | Gained mutation: Your flesh is very cold resistant. (rC++)
                  | [hidden potential]
 49665 | Crypt:3  | Lost mutation: You have hidden genetic potential. [hidden
                  | potential expressed]
 49669 | Crypt:3  | Killed a dread lich
 49694 | Crypt:3  | Found an ancient bone altar of Kikubaaqudgha.
 49796 | Crypt:3  | Lost mutation: You have a pair of horns on your head.
                  | [Jiyva's grace]
 49796 | Crypt:3  | Lost mutation: You have a pair of small horns on your head.
                  | [Jiyva's grace]
 49796 | Crypt:3  | Lost mutation: You have an increased reservoir of magic.
                  | (+10% MP) [Jiyva's grace]
 49796 | Crypt:3  | Lost mutation: You are strong-willed. (Will+) [Jiyva's
                  | grace]
 49796 | Crypt:3  | Lost mutation: Your muscles are very strong. (Str +8,
                  | Int/Dex -2) [Jiyva's grace]
 49796 | Crypt:3  | Lost mutation: Your body has grown eyes which may confuse
                  | attackers. (Acc +3) [Jiyva's grace]
 49796 | Crypt:3  | Lost mutation: Armour fits poorly on your large pseudopods.
                  | [Jiyva's grace]
 49796 | Crypt:3  | Lost mutation: You expend magic power (3 MP) to strengthen
                  | your wands. [Jiyva's grace]
 49796 | Crypt:3  | Gained mutation: Your flesh is heat resistant. (rF+)
                  | [Jiyva's grace]
 49796 | Crypt:3  | Gained mutation: Your flesh is very heat resistant. (rF++)
                  | [Jiyva's grace]
 49796 | Crypt:3  | Gained mutation: Your flesh is almost immune to the effects
                  | of heat. (rF+++) [Jiyva's grace]
 49796 | Crypt:3  | Gained mutation: Your muscles are very strong. (Str +8,
                  | Int/Dex -2) [Jiyva's grace]
 49986 | Crypt:3  | Identified the staff of Saryav {Dex+3 Earth}
 50032 | Crypt:3  | Identified the +3 robe of the Quahog {*Slow Str+3 Dex+2}
 50032 | Crypt:3  | Noticed Boris
 50035 | Crypt:3  | Killed Boris
 50118 | Crypt:3  | Found a staircase to the Tomb.
 50143 | Crypt:3  | Learned a level 7 spell: Malign Gateway
 50321 | Depths:1 | Entered Level 1 of the Depths
 50321 | Depths:1 | Found a flickering gateway to a bazaar.
 50327 | Bazaar   | Entered a bazaar
 50328 | Bazaar   | Found Fottipt's Weapon Shop.
 50328 | Bazaar   | Found Estryit's Distillery.
 50329 | Bazaar   | Found Usar's Distillery.
 50359 | Bazaar   | Found Odusogh's Weapon Emporium.
 50378 | Bazaar   | Bought a potion of curing for 30 gold pieces
 50378 | Bazaar   | Bought a potion of curing for 30 gold pieces
 50378 | Bazaar   | Bought a potion of might for 40 gold pieces
 50378 | Bazaar   | Bought a potion of resistance for 100 gold pieces
 50378 | Bazaar   | Bought a potion of might for 40 gold pieces
 50402 | Depths:1 | Reached skill level 1 in Translocations
 50416 | Depths:1 | Slain by a sphinx
 50416 | Depths:1 | Lost a life (1 life remaining)
 50520 | Depths:1 | Reached XP level 24. HP: 123/123 MP: 31/44
 50520 | Depths:1 | Gained a life (2 lives remaining)
 50587 | Depths:1 | Found a one-way gate leading to the halls of Pandemonium.
 50681 | Depths:1 | Found a one-way gateway to a ziggurat.
 50718 | Depths:1 | Noticed Margery
 50728 | Depths:1 | Reached skill level 5 in Translocations
 50729 | Depths:1 | Killed Margery
 50895 | Depths:1 | Found a gateway to Hell.
 50940 | Depths:1 | Found a glowing silver altar of Zin.
 51348 | Depths:2 | Lost mutation: You have very sharp fingernails. [Jiyva's
                  | grace]
 51348 | Depths:2 | Lost mutation: Your flesh is almost immune to the effects
                  | of heat. (rF+++) [Jiyva's grace]
 51348 | Depths:2 | Gained mutation: You have a pair of small horns on your
                  | head. [Jiyva's grace]
 51348 | Depths:2 | Gained mutation: You have a pair of horns on your head.
                  | [Jiyva's grace]
 51348 | Depths:2 | Gained mutation: You have a pair of large horns on your
                  | head. [Jiyva's grace]
 51348 | Depths:2 | Gained mutation: Your body has grown eyes which may confuse
                  | attackers. (Acc +3) [Jiyva's grace]
 51622 | Depths:2 | Reached skill level 26 in Necromancy
 51641 | Depths:2 | Identified the ring of Foblonem {Will+ SInv}
 51645 | Depths:2 | Noticed a juggernaut
 51649 | Depths:2 | Killed a juggernaut
 52048 | Depths:2 | Found a runed translucent door.
 52080 | Depths:2 | Identified the amulet "Asimem" {Reflect Will+ SH+5}
 52087 | Depths:2 | Identified the amulet "Romeock" {rPois RegenMP+ SInv
                  | Stlth-}
 52153 | Depths:3 | Noticed Sojobo
 52160 | Depths:3 | Identified the orb of Resilience {*channel, rN+ MP-9 Str+5
                  | Int-4}
 52160 | Depths:3 | Noticed Frederick
 52162 | Depths:3 | Reached skill level 10 in Translocations
 52164 | Depths:3 | Killed Sojobo
 52177 | Depths:3 | Killed Frederick
 52561 | Depths:4 | Entered Level 4 of the Depths
 52643 | Depths:4 | Reached XP level 25. HP: 78/127 MP: 30/46
 52978 | Depths:4 | Found a gate to the Realm of Zot.
 53033 | Depths:4 | Reached skill level 15 in Summonings
 53146 | Zot:1    | Entered Level 1 of the Realm of Zot
 53154 | Zot:1    | Lost mutation: You have a pair of large horns on your head.
                  | [Jiyva's grace]
 53154 | Zot:1    | Lost mutation: You are partially covered in iridescent
                  | scales. (AC +2) [Jiyva's grace]
 53154 | Zot:1    | Lost mutation: You possess an exceptional clarity of mind.
                  | [Jiyva's grace]
 53154 | Zot:1    | Lost mutation: Your muscles are very strong. (Str +8,
                  | Int/Dex -2) [Jiyva's grace]
 53154 | Zot:1    | Lost mutation: Your gelatinous body deflects attacks. (AC
                  | +3, EV +3) [Jiyva's grace]
 53154 | Zot:1    | Lost mutation: Your pliable body absorbs attacks. (AC +2,
                  | EV +2) [Jiyva's grace]
 53154 | Zot:1    | Lost mutation: Armour fits poorly on your pseudopods.
                  | [Jiyva's grace]
 53154 | Zot:1    | Gained mutation: Your flesh is almost immune to the effects
                  | of heat. (rF+++) [Jiyva's grace]
 53154 | Zot:1    | Gained mutation: You passively map a small area around you.
                  | [Jiyva's grace]
 53154 | Zot:1    | Gained mutation: You passively map the area around you.
                  | [Jiyva's grace]
 53154 | Zot:1    | Gained mutation: You passively map a large area around you.
                  | [Jiyva's grace]
 53598 | Zot:1    | Identified the ring "Cituss" {rPois MP-9 Int+6 SInv}
 54046 | Zot:1    | Identified the +1 helmet "Jouhol" {Slay+2}
 54330 | Zot:2    | Learned a level 8 spell: Maxwell's Capacitive Coupling
 54436 | Zot:2    | Noticed an orb of fire
 54447 | Zot:1    | Killed an orb of fire
 55003 | Zot:3    | HP: 4/163 [golden dragon (13)]
 55003 | Zot:3    | Demolished by a death cob
 55003 | Zot:3    | Lost a life (1 life remaining)
 55021 | Zot:3    | HP: 8/165 [tentacled monstrosity (16)]
 55021 | Zot:3    | Slain by a golden dragon
 55021 | Zot:3    | Lost a life (0 lives remaining)
 55087 | Zot:3    | Reached skill level 10 in Air Magic
 55316 | Zot:3    | Lost mutation: Your mind is acute. (Int +4, Str/Dex -1)
                  | [Jiyva's grace]
 55316 | Zot:3    | Lost mutation: You passively map a large area around you.
                  | [Jiyva's grace]
 55316 | Zot:3    | Lost mutation: You passively map the area around you.
                  | [Jiyva's grace]
 55316 | Zot:3    | Gained mutation: Your mind is acute. (Int +4, Str/Dex -1)
                  | [Jiyva's grace]
 55316 | Zot:3    | Gained mutation: Your mind is very acute. (Int +8, Str/Dex
                  | -2) [Jiyva's grace]
 55316 | Zot:3    | Gained mutation: You have a small jelly attached to you
                  | that senses nearby items. [Jiyva's grace]
 55316 | Zot:3    | Gained mutation: You are partially covered in large bone
                  | plates. (SH +4) [Jiyva's grace]
 55431 | Zot:3    | Reached XP level 26. HP: 132/132 MP: 41/47
 55431 | Zot:3    | Gained a life (1 life remaining)
 55565 | Zot:4    | Found a transporter.
 55590 | Zot:4    | Found a transporter.
 55648 | Zot:4    | Found a transporter.
 55677 | Zot:4    | Found a transporter.
 55871 | Zot:4    | Noticed an orb of fire
 55885 | Zot:4    | Killed an orb of fire
 56129 | Zot:4    | Found a transporter.
 56165 | Zot:4    | Found a transporter.
 56180 | Zot:4    | Found a runed translucent door.
 56182 | Zot:4    | Noticed Qaniympis's ghost (veteran DgEE)
 56427 | Zot:5    | Entered Level 5 of the Realm of Zot
 56574 | Zot:5    | Noticed an orb of fire
 56585 | Zot:5    | Killed an orb of fire
 56591 | Zot:5    | Reached skill level 15 in Air Magic
 56726 | Zot:5    | Identified the ring "Ycuirr" {rElec rC+ rCorr Int-4}
 56769 | Zot:5    | Noticed an ancient lich
 56774 | Zot:5    | Killed an ancient lich
 56781 | Zot:5    | Noticed an orb of fire
 56784 | Zot:5    | Killed an orb of fire
 56846 | Zot:5    | Noticed an ancient lich
 56847 | Zot:5    | Noticed an orb of fire
 56849 | Zot:5    | Noticed an ancient lich
 56852 | Zot:5    | Killed an ancient lich
 56860 | Zot:5    | Killed an ancient lich
 56869 | Zot:5    | Noticed an ancient lich
 56884 | Zot:5    | Killed an ancient lich
 56885 | Zot:5    | Reached XP level 27. HP: 45/135 MP: 41/47
 56885 | Zot:5    | Gained a life (2 lives remaining)
 57165 | Zot:5    | Gained mutation: You are frail. (-10% HP) [an orb of fire]
 57170 | Zot:5    | Killed an orb of fire
 57239 | Zot:5    | Got the Orb of Zot
 57241 | Zot:5    | Noticed Cinnuist the pandemonium lord
 57671 | D:4      | Noticed Xiferow the pandemonium lord
 57778 | D:$      | Escaped with the Orb!

Illustrated notes

Levels and vault maps discovered:
D:1:      dpeg_arrival_rooms_with_view, layout_basic,
          hellmonk_ecumenical_altar_pennies_from_heaven
D:2:      layout_basic
D:3:      minmay_goblin_kobold_castle, layout_basic, nzn_wu_jian_contemplation,
          fedhas_altar_1, mainiacjoe_overflow_concentric_impassable,
          nicolae_hepliaklqana_monster_ancestors,
          gammafunk_ghost_abyssal_escape, hangedman_decor_opposing,
          uniq_jessica, uniq_grinder, uniq_sigmund
D:4:      layout_rooms, gammafunk_temple_overflow_elements, minivault_11,
          minmay_misc_feat_plants
D:5:      layout_cave_pools, okawaru_trees_2, minmay_temple_entry_mini_moons,
          minmay_pentangle, uniq_edmund, uniq_menkaure, uniq_pikel
D:6:      layout_cave_pools, minmay_tree_intersection
D:7:      layout_rooms, enter_bailey_6, grunt_decor_mini_mirrors
D:8:      layout_loops_ring, zin_purify, st_stairs_10, minivault_14
D:9:      minmay_the_grid_four_pointed_star_mashed
          [minmay_the_grid_triangle_9x9_longest,
          minmay_the_grid_triangle_9x9_warning,
          minmay_the_grid_triangle_9x9_checkered,
          minmay_the_grid_triangle_9x9_subtriangle,
          minmay_the_grid_prize_big_room], layout_cave_pools,
          grunt_temple_overflow_lords_of_destruction, slow_altar_1,
          nicolae_where_there's_smoke, uniq_jeremiah
D:10:     minmay_evil_eye, layout_gridville, trog_book, lair_entry_dummy
D:11:     layout_loops_ring, serial_shops, nicolae_shop_advertising_works
          [nicolae_subvault_shop_adworks]
D:12:     layout_roguey, david_orc_1_choice,
          portal_ice_cave_entry_ice_simulacra, serial_shops, shop,
          kennysheep_nondescript, cheibrodos_ashenzari_chains
D:13:     cheibrodos_breeding_chamber, layout_rooms, serial_shops, shop
D:14:     layout_roguey, erik_vaults_2, serial_shops, nicolae_diamond_shop,
          serial_park_square1 [serial_park_minivault_5x5_3], uniq_roxanne,
          uniq_agnes
D:15:     hellmonk_depths_entry_around_the_bend, layout_rooms,
          minmay_misc_feat_chi, serial_bayou_pond_d, nicolae_uskayaw_en_pointe
Temple:   nicolae_temple_two_arcs
Lair:1:   layout_big_grid, grunt_megastairs_3
Lair:2:   layout_big_grid, nicolae_swamp_entry_splash_gauntlet,
          hellmonk_spider_entry_not_the_bees, infiniplex_staircase_pool_2
Lair:3:   layout_chaotic_city, grunt_megastairs_4
Lair:4:   layout_small_grid, grunt_forest_large_clearing_hut
Lair:5:   minmay_lair_end_enchanted_forest, layout_loops_ring, slime_entry_2,
          chequers_serial_rivers_micro_a, nicolae_quartered_pool_little
Swamp:1:  layout_basic_swamp, basic_altar, nicolae_swamp_decorative_isthmus,
          uniq_jorgrun
Swamp:2:  nicolae_swamp_standing_stones, layout_falls_marsh,
          evilmike_swamp_ruin_house_5
Swamp:3:  layout_falls_marsh, evilmike_swamp_ruin_house_2
Swamp:4:  swamp_basic_johnstein, layout_basic_swamp
Spider:1: layout_spider_delve
Spider:2: layout_chambers
Spider:3: layout_spider_delve, nicolae_spider_rock_and_or_roll
Spider:4: grunt_spider_rune_circles
Slime:1:  layout_caves
Slime:2:  layout_caves, nicolae_slime_phagocytosis
Slime:3:  layout_caves
Slime:4:  layout_caves
Slime:5:  slime_pit
Orc:1:    cheibrodos_orc_arena, layout_caves, nicolae_orc_lava_tube,
          nicolae_orc_hostile_takeover, uniq_harold, uniq_fannar, uniq_nergalle
Orc:2:    st_orc_rangers, layout_caves, nicolae_orc_stalacmites, uniq_maurice,
          uniq_rupert
Elf:1:    eino_elf_arrival_customs, layout_gridlike,
          nicolae_elf_blasts_and_bolts, serial_library_hellmonk_reading_circle
Elf:2:    elven_hall_of_blades_hangedman_alternative
          [nooodl_blade_entry_preview], layout_geoelf_octagon, serial_shops,
          shop, nicolae_shop_statue_plus, nicolae_concentric_dashed_squares_mild
Elf:3:    minmay_elf_hall_four_x, layout_geoelf_castle, eino_tiny_chamber,
          nicolae_fountain_basement, uniq_aizul
Vaults:1: ebering_ghost_disaster_area, vaults_mumra_hex,
          nicolae_vaults_closet_pinwheel_1, ontoclasm_vaults_misaligned,
          hangedman_vaults_slither, nicolae_vaults_specimen_jars,
          nicolae_vaults_taking_the_gang_shopping, v_misc_1,
          layout_vaults_omnigrid, serial_shops, bzr_entry_safe
Vaults:2: nicolae_vaults_twisting_passages, ontoclasm_vaults_shuriken,
          minmay_crypt_entry_simple_statues, vaults_room_hallway,
          nicolae_vaults_angled_halls, hangedman_vaults_hat,
          hangedman_vaults_slice, layout_vaults_chaotic_city, serial_shops,
          nicolae_shop_industrial_runoff, nicolae_diamond_shop, shop_statue,
          shop, shop
Vaults:3: hellmonk_ghost_big_iron, v_pattern_1, nicolae_vaults_network_square,
          st_lattice, nicolae_vaults_tetromino_L_2, nicolae_vaults_trapezoid_4,
          nicolae_vaults_storage_closets_3, v_misc_14, nicolae_vaults_mitosis,
          hangedman_vaults_corner, nicolae_vaults_shelves_hall,
          lightli_orcish_oven, vaults_dpeg_encased_lava, layout_vaults_omnibox,
          uniq_boris, uniq_bai_suzhen, uniq_mennas
Vaults:4: nicolae_vaults_turnstiles, v_rooms_4,
          nicolae_vaults_diagonal_hallway_8, dpeg_vaults_monster_row,
          nicolae_vaults_storage_room_glass, nicolae_vaults_bisected_exclaves,
          hangedman_vaults_stagger, grunt_vaults_hallway_short,
          nicolae_vaults_house_2, layout_vaults_big_cross
Vaults:5
Crypt:1:  layout_catacombs
Crypt:2:  layout_gridlike, st_burial_chamber, grunt_megastairs_2, uniq_josephina
Crypt:3:  church_of_pain_bobbens, layout_chaotic_city,
          tomb_entry_forgotten_bobbens, mu_enter_wizlab_7, grunt_ministairs_1,
          nicolae_fountain_basement
Depths:1: layout_cave_pools, ziggurat_fallback, lemuel_coloured_pillars_altar,
          serial_bayou, serial_bayou_pond_b, serial_bayou_pond_e,
          serial_bayou_pond_b, serial_bayou_pond_a, grunt_metal_band,
          regret_index_abyss_entry_earlier_magic, rand_demon_pan_entry_5,
          serial_shops, bzr_entry_customers, drop_trap,
          kennysheep_generic_room_9
Depths:2: evilmike_pillar_path, layout_gridlike, hell_entry,
          serial_bayou_lagoon_a, rand_demon_pan_entry_8, nrook_mini_backslash,
          minmay_crystal_box, serial_bayou_shore_b
Depths:3: minmay_octagon_keep, layout_cave_shapes, abyss_entry, hell_entry,
          reono_crystal_passage, serial_bayou_lagoon_b, uniq_sojobo,
          uniq_frederick
Depths:4: evilmike_zot_entry_argh, layout_cave_pools,
          abyss_entry_small_statue_room, hangedman_glass_teeth,
          pf_vacation_house_of_asmodeus, serial_bayou_shore_b
Zot:1:    layout_cathedral_of_symmetry, hangedman_snake_sidewinding
Zot:2:    kennysheep_blocky_room, layout_onion_interference, grunt_ministairs_15
Zot:3:    layout_misc_corridors, regret_index_zotdec_banners
Zot:4:    hangedman_zot_vaults_quadrants, layout_onion_interference,
          ebering_ghost_reflecting_pool, serial_nicolae_subway,
          nicolae_sub_station_crystal, nicolae_sub_station_metal,
          nicolae_sub_station_stone
Zot:5:    layout_misc_corridors

Skill      XL: |  1  2  3  4  5  6  7  8  9 10 11 12 13 14 15 16 17 18 19 20 21 22 23 24 25 26 27 |
---------------+----------------------------------------------------------------------------------+-----
Spellcasting   | 3 4 5 7 8 9 10 11 12 13 14 15 16 18 19 | 19.5
Summonings     | 5 6 7 8 9 10 11 12 13 14 15 | 15.7
Evocations     | 2 3 4 5 |  5.0
Fire Magic     | 1 3 4 5 |  5.0
Air Magic      | 2 4 5 11 17 18 | 18.0
Necromancy     | 1 4 8 10 12 13 15 18 20 21 23 24 25 26 | 26.4
Hexes          | 6 8 |  8.0
Earth Magic    | 2 6 |  6.0
Dodging        | 6 8 10 11 14 | 14.1
Stealth        | 7 8 9 |  9.2
Fighting       | 3 4 8 9 10 11 | 11.4
Shapeshifting  | 5 7 10 14 16 17 18 | 18.7
Unarmed Combat | 3 6 |  6.9
Translocations | 3 12 14 | 14.6

Action                     |  1- 3 |  4- 6 |  7- 9 | 10-12 | 13-15 | 16-18 | 19-21 | 22-24 | 25-27 || total
---------------------------+-------+-------+-------+-------+-------+-------+-------+-------+-------++-------
  Melee: Unarmed           |    56 |     9 |    64 |    90 |    30 |    34 |    66 |   327 |   298 ||   974
         Bite              |     6 |       |     9 |    17 |     5 |     5 |    19 |    56 |    66 ||   183
         Punch             |     2 |       |     1 |     2 |     1 |       |     1 |    14 |    24 ||    45
         Pseudopods        |       |       |       |       |       |       |    25 |   103 |     6 ||   134
         Headbutt          |       |       |       |       |       |       |    26 |    88 |   103 ||   217
   Cast: Summon Small Mamm |    25 |     2 |     6 |     4 |       |       |       |       |       ||    37
         Call Imp          |     9 |    12 |    28 |    28 |     1 |       |       |       |       ||    78
         Call Canine Famil |     7 |    12 |    45 |    57 |    54 |     8 |       |       |       ||   183
         Summon Blazeheart |       |     2 |     6 |    58 |    80 |       |       |       |       ||   146
         Summon Lightning  |       |       |    21 |    45 |    77 |     5 |       |       |       ||   148
         Borgnjor's Vile C |       |       |       |    11 |    71 |    68 |   103 |    46 |    48 ||   347
         Death Channel     |       |       |       |     3 |    77 |    24 |     9 |    10 |     6 ||   129
         Anguish           |       |       |       |     1 |     2 |     1 |     2 |     1 |     1 ||     8
         Haunt             |       |       |       |       |    25 |    56 |    78 |    48 |    82 ||   289
         Infestation       |       |       |       |       |       |   165 |   187 |   196 |   137 ||   685
         Death's Door      |       |       |       |       |       |       |     2 |     4 |     5 ||    11
         Dispel Undead     |       |       |       |       |       |       |       |    93 |     6 ||    99
         Blink             |       |       |       |       |       |       |       |     3 |     4 ||     7
         Malign Gateway    |       |       |       |       |       |       |       |     4 |    10 ||    14
         Maxwell's Capacit |       |       |       |       |       |       |       |       |    22 ||    22
 Invoke: Receive Forbidden |       |       |       |       |     1 |       |       |       |       ||     1
         Unearth Wretches  |       |       |       |       |    15 |     7 |       |       |       ||    22
         Oozemancy         |       |       |       |       |       |       |       |       |     1 ||     1
  Evoke: Wand              |       |     1 |       |     7 |    27 |     3 |     1 |     6 |     4 ||    49
         Gell's gravitambo |       |       |       |       |       |       |     1 |     3 |     1 ||     5
    Use: Scroll            |       |       |     7 |    16 |    15 |     8 |     3 |     4 |     7 ||    60
         Potion            |       |       |       |     1 |    11 |     7 |     8 |     3 |     8 ||    38
   Stab: Sleeping          |     2 |     1 |     1 |       |       |       |       |       |     1 ||     5
         Distracted        |       |       |       |     1 |       |     1 |     3 |    15 |     9 ||    29
         Paralysed         |       |       |       |       |     5 |       |       |       |       ||     5
         Betrayed ally     |       |       |       |       |     1 |       |       |       |       ||     1
         Confused          |       |       |       |       |       |       |     2 |     2 |     7 ||    11
 Armour: Skin              |    23 |     8 |    43 |    86 |   106 |   111 |   103 |   786 |   851 ||  2117
  Dodge: Dodged            |    50 |    45 |   121 |   156 |   346 |   264 |   296 |  1222 |  1177 ||  3677
  Block: Other             |       |       |       |       |       |       |       |       |    36 ||    36
   Form: Statue            |       |       |       |       |       |       |       |     2 |     1 ||     3
                           |       |       |       |       |       |       |       |     1 |     1 ||     2

Table legend: (Time is in decaauts)
 A = Elapsed time spent in this place.
 B = Non-inter-level travel time spent in this place.
 C = Inter-level travel time spent in this place.
 D = Time resting spent in this place.
 E = Time spent auto-exploring this place.
 F = Levels seen in this place.
 G = Mean time per level.
                   A        B        C        D        E       F      G
               +--------+--------+--------+--------+--------+-----+--------+
         Total |  63289 |  58397 |   4892 |   6638 |  35463 |  61 | 1037.5 |
       Dungeon |  17662 |  16110 |   1552 |   2558 |   9605 |  15 | 1177.5 |
        Temple |     20 |      2 |     18 |      0 |      0 |   1 |   20.0 |
          Lair |   7887 |   6985 |    902 |   1280 |   4322 |   5 | 1577.4 |
         Swamp |   3372 |   2999 |    373 |    547 |   1704 |   4 |  843.0 |
   Spider Nest |   3191 |   3070 |    121 |     90 |   1877 |   4 |  797.8 |
    Slime Pits |   2074 |   1741 |    333 |    130 |   1170 |   5 |  414.8 |
  Orcish Mines |   3346 |   3107 |    239 |    846 |   1490 |   2 | 1673.0 |
   Elven Halls |   2778 |   2562 |    216 |     48 |   1534 |   3 |  926.0 |
        Vaults |   5496 |   5085 |    411 |    114 |   3100 |   5 | 1099.2 |
         Crypt |   4246 |   3998 |    248 |     31 |   3155 |   3 | 1415.3 |
        Depths |   4334 |   4159 |    175 |     12 |   2776 |   4 | 1083.5 |
           Zot |   6245 |   5944 |    301 |    211 |   3877 |   5 | 1249.0 |
        Bazaar |    244 |    244 |      0 |      0 |    167 |   2 |  122.0 |
        Bailey |    496 |    496 |      0 |    157 |    123 |   1 |  496.0 |
      Ice Cave |   1510 |   1510 |      0 |    612 |    406 |   1 | 1510.0 |
        Wizlab |    381 |    381 |      0 |      0 |    151 |   1 |  381.0 |
               +--------+--------+--------+--------+--------+-----+--------+

Top non-repeatable levels by time:
  Lair:5: 2708 daAuts
   Orc:2: 2120 daAuts
     D:3: 2082 daAuts
     D:9: 1847 daAuts
  Lair:2: 1845 daAuts
    D:12: 1797 daAuts
   Zot:1: 1713 daAuts
 Crypt:1: 1619 daAuts
 Crypt:3: 1555 daAuts
Depths:2: 1543 daAuts
    D:10: 1511 daAuts
   IceCv: 1510 daAuts
     D:8: 1406 daAuts
  Lair:4: 1318 daAuts
 Swamp:1: 1292 daAuts
